AoeStats
← Abadengo

African Clearing

510819235Analyzed
3v3 RM · 19h ago on Oct 2, 2026· 49m 1s· 6 players
Game mode
Random Map
Map size
Normal (6 player)
Population
200
Speed
Normal
Resources
Standard
Victory
Conquest
Starting age
Dark Age
Ending age
Imperial Age
RankedLock teamsTeams togetherTeam positionsShared explorationLock speedFull tech treeHidden civsTurbo modeCheats
Victory
Defeat
🇨🇴 Bengalis · Colombia
1471
+12
🇨🇴 Vietnamese · Colombia
1408
+14
🇨🇴 Khmer · Colombia
1380
+15
🇲🇦 Saracens · Morocco
1425
-15
🇦🇪 Berbers · United Arab Emirates
1343
-13
🇿🇦 Wei · South Africa
1339
-13
wayneid
4:12 Loom
14:40 Feudal Age
15:57 Double-Bit Axe
18:18 Castle Age
19:22 Bow Saw
20:59 Wheelbarrow
20:37 Horse Collar
22:16 Hand Cart
22:01 Stone Mining
27:23 Scale Barding Armor
38:56 Gold Mining
42:23 Town Watch
46:17 Forging
47:02 Husbandry
47:25 Bloodlines
Lilith Realm
10:00 Loom
12:35 Feudal Age
13:26 Double-Bit Axe
13:23 Horse Collar
18:47 Scale Barding Armor
19:15 Bloodlines
19:15 Gold Mining
21:14 Fletching
24:16 Wheelbarrow
27:10 Castle Age
27:18 Padded Archer Armor
28:31 Husbandry
28:51 Chain Barding Armor
28:46 Forging
31:09 Iron Casting
30:49 Bow Saw
36:17 Hand Cart
35:47 Town Watch
36:04 Heavy Plow
37:12 Light Cavalry
40:18 Stone Mining
41:03 Gold Shaft Mining
44:35 Imperial Age
43:41 Bodkin Arrow
44:04 Leather Archer Armor
45:36 Bracer
46:06 Ring Archer Armor
Abadengo
11:50 Feudal Age
11:18 Loom
12:15 Double-Bit Axe
19:33 Castle Age
24:27 Wheelbarrow
27:20 Fletching
37:15 Imperial Age
36:00 Hand Cart
37:59 Bodkin Arrow
39:20 Ballistics
39:31 Bracer
42:04 Chemistry
42:07 Elite Genitour
43:40 Scale Barding Armor
SrAnderson
9:24 Loom
12:46 Feudal Age
14:20 Double-Bit Axe
16:37 Castle Age
15:42 Stone Mining
16:23 Town Watch
22:04 Fletching
22:16 Padded Archer Armor
22:34 Bow Saw
22:58 Bodkin Arrow
25:26 Gold Mining
27:25 Leather Archer Armor
31:24 Ballistics
32:09 Wheelbarrow
37:02 Hand Cart
38:44 Town Patrol
38:44 Treadmill Crane
40:33 Thumb Ring
41:53 Stone Shaft Mining
41:02 Horse Collar
46:03 Imperial Age
46:10 Elite Rattan Archer
46:53 Bracer
47:23 Ring Archer Armor
47:56 Chemistry
Miller
9:37 Loom
11:50 Feudal Age
12:38 Double-Bit Axe
15:38 Fletching
17:44 Horse Collar
23:25 Castle Age
22:51 Bloodlines
23:53 Gold Mining
24:05 Padded Archer Armor
24:17 Bodkin Arrow
24:47 Husbandry
24:49 Padded Archer Armor
25:12 Heavy Plow
25:34 Bow Saw
30:26 Wheelbarrow
29:36 Town Watch
30:03 Forging
31:02 Leather Archer Armor
33:56 Hand Cart
36:20 Gold Shaft Mining
38:24 Imperial Age
37:47 Ballistics
38:41 Stone Mining
40:07 Chemistry
39:11 Bracer
39:31 Masonry
40:24 Ring Archer Armor
40:28 Elite Elephant Archer
41:12 Siege Elephant
43:30 Architecture
48:24 Conscription
48:23 Paiks
49:07 Mahayana
48:32 Elite Ratha (Ranged)
49:18 Scale Barding Armor
49:14 Scale Mail Armor
49:24 Forging
49:22 Siege Engineers
49:12 Murder Holes
49:28 Fortified Wall
49:32 Fervor
49:23 Devotion
Cualnick
15:19 Feudal Age
19:19 Castle Age
17:13 Double-Bit Axe
18:32 Bloodlines
19:11 Scale Barding Armor
19:43 Fishing Lines
20:17 Gillnets
23:04 Chain Barding Armor
24:54 Wheelbarrow
24:04 Light Cavalry
24:32 Town Watch
25:15 Horse Collar
25:47 Bow Saw
26:10 Heavy Plow
25:59 Loom
28:35 Forging
31:09 Iron Casting
30:43 Scale Mail Armor
31:17 Gold Mining
31:06 Pikeman
33:20 Hand Cart
33:43 Gold Shaft Mining
35:03 Chain Mail Armor
39:13 Stone Mining
42:27 Imperial Age
40:35 Stone Shaft Mining
40:04 Fletching
41:39 Bodkin Arrow
43:50 Plate Barding Armor
44:16 Blast Furnace
43:48 Crop Rotation
42:43 Hussar
43:23 Husbandry
42:48 Capped Ram
43:39 Siege Ram
44:18 Halberdier
44:44 Arson
45:45 Conscription
46:02 Hoardings
45:35 Siege Engineers
46:31 Chemistry
45:32 Bracer
47:14 Padded Archer Armor
48:35 Leather Archer Armor
48:42 Ballistics
48:33 Masonry
48:37 Fervor
Connection lost

Rejoining the realm…

Still unreachable

The connection could not be restored.

Session expired

The server has moved on; the page needs a fresh start.